 Dungeon Crawl Stone Soup version 0.19-a0-1834-g6b7851e (webtiles) character file.

36 4thArraOfDagon the Grave Robber (level 3, -1/31 HPs)
             Began as a Troll Necromancer on Oct 9, 2016.
             Was an Initiate of Okawaru.
             Succumbed to Sigmund's poison
             ... on level 2 of the Dungeon.
             The game lasted 00:01:12 (204 turns).

4thArraOfDagon the Grave Robber (Troll Necromancer)  Turns: 204, Time: 00:01:13

Health: -1/31      AC:  7    Str: 21    XL:     3   Next: 19%
Magic:  3/3        EV: 10    Int: 12    God:    Okawaru [......]
Gold:   44         SH:  0    Dex: 10    Spells: 1 memorised, 3 levels left

rFire  . . .     SeeInvis .       - Unarmed
rCold  . . .     Gourm    +     e - +2 robe {MR+}
rNeg   . . .     Faith    .     (no shield)
rPois  .         Spirit   .     (helmet restricted)
rElec  .         Dismiss  .     (no cloak)
rCorr  .         Reflect  .     (gloves unavailable)
MR     +....     Harm     .     (boots unavailable)
Stlth  +.........               (no amulet)
                                (no ring)
                                (no ring)

@: mighty, lethally poisoned (-1 -> -21), invisible
A: unfitting armour, claws 3, fast metabolism 3, gourmand, regeneration 1,
shaggy fur 1, tough skin 2
a: Renounce Religion


You were on level 2 of the Dungeon.
You worshipped Okawaru.
Okawaru was noncommittal.
You were full.

You visited 1 branch of the dungeon, and saw 3 of its levels.

You collected 44 gold pieces.

Inventory:

Armour
 a - a +0 robe
 e - a +2 robe of magic resistance (worn)
Books
 b - a book of Necromancy

   Spells                             Type                      Level
   a - Pain                           Necromancy                   1
   b - Animate Skeleton               Necromancy                   1
   c - Vampiric Draining              Necromancy                   3
   d - Regeneration                   Charms/Necromancy            3
   e - Animate Dead                   Necromancy                   4
   f - Control Undead                 Necromancy                   4
Comestibles
 c - 2 bread rations


   Skills:
 - Level 1.5 Dodging
 - Level 1.0 Stealth
 * Level 2.9 Unarmed Combat
 - Level 1.2 Spellcasting
 - Level 3.2 Necromancy
 + Level 0.0 Invocations


You had 3 spell levels left.
You knew the following spells:

 Your Spells              Type           Power        Failure   Level  Hunger
a - Pain                  Necr           #...         10%         1    ##.....


Dungeon Overview and Level Annotations

Branches:
Dungeon (3/15)

Altars:
Okawaru
Trog

Annotations:
D:2 Robin, Sigmund


Innate Abilities, Weirdness & Mutations

You are too large for most types of armour.
You have claws for hands.
Your metabolism is lightning-fast.
You like to eat raw meat.
Your natural rate of healing is unusually fast.
You are covered in fur. (AC +1)
You have very tough skin. (AC +2)


Message History

Sigmund hits you with a scythe of venom!
You are lethally poisoned!
You barely miss Sigmund. You claw Sigmund.
Sigmund is moderately wounded.
* * * LOW HITPOINT WARNING * * *
You feel sick.
You are too injured to fight recklessly!
You are too injured to fight recklessly!
Unknown command.
It was a potion of might.
You feel very mighty all of a sudden.
* * * LOW HITPOINT WARNING * * *
You feel very sick. Sigmund casts a spell at you. The magic dart hits you!
* * * LOW HITPOINT WARNING * * *
Unknown command.
It was a potion of invisibility.
You fade into invisibility!
You die...

####### #.....# ###
#.....# ##.# #.....#
#..# #.....###..#
##.......>..#
#......####.#
#@@....####.#####.
#.#.......).......# #.
#)#..####.......###
##...###.#######.....###
....>........).......#
..###.##......##.....# #
#...........#.#
#........##.#)#
.......#..#.#.#


You could see Sigmund.

Vanquished Creatures
  Jessica (D:2)
  A giant cockroach (D:3)
  2 kobolds
  A quokka (D:2)
  2 frilled lizards
  4 goblins
11 creatures vanquished.

Notes
Turn   | Place    | Note
-------+----------+-------------------------------------------
     0 | D:1      | 4thArraOfDagon the Troll Necromancer began the quest for the Orb.
     0 | D:1      | Reached XP level 1. HP: 16/16 MP: 1/1
    46 | D:2      | Reached skill level 1 in Unarmed Combat
    77 | D:2      | Noticed Sigmund
   108 | D:3      | Found a bloodstained altar of Trog.
   108 | D:3      | Found an iron altar of Okawaru.
   113 | D:3      | Became a worshipper of Warmaster Okawaru
   137 | D:2      | Noticed Jessica
   139 | D:2      | Killed Jessica
   139 | D:2      | Reached XP level 2. HP: 24/24 MP: 2/2
   139 | D:2      | Reached XP level 3. HP: 31/31 MP: 3/3
   170 | D:2      | Noticed Robin
   204 | D:2      | Succumbed to Sigmund's poison

Vault maps used:
D:1:      lightli_molten_gateway
D:2:      lemuel_round_altar, grunt_nemelex_the_gamble, uniq_sigmund,
          uniq_jessica, uniq_robin
D:3:      gammafunk_temple_overflow_statue, minivault_5, uniq_crazy_yiuf_cottage

Skill      XL: |  1 |
---------------+----+-----
Unarmed Combat | 2 |  2.9
Dodging        | |  1.5
Stealth        | |  1.0
Spellcasting   | |  1.2
Necromancy     | |  3.2

Action                   || total
-------------------------++-------
Melee: Unarmed           ||    46
       Punch             ||     2
  Use: Potion            ||     2
  Eat: Chunk             ||     3
Armor: Robe              ||     8
Dodge: Dodged            ||    21
